 Dungeon Crawl Stone Soup version 0.30-a0-390-g80c34de65d (webtiles) character file.

Game seed: 15257878558215777133

7067 cheesebisquit the Severer (level 10, -5/78 HPs)
             Began as a Minotaur Berserker on Dec 4, 2022.
             Was an Elder of Trog.
             Slain by a troll (8 damage)
             ... on level 10 of the Dungeon.
             The game lasted 00:48:00 (8091 turns).

cheesebisquit the Severer (Minotaur Berserker)      Turns: 8091, Time: 00:48:00

Health: -5/78      AC: 16    Str: 25    XL:     10   Next: 83%
Magic:  9/9        EV:  8    Int:  3    God:    Trog [****..]
Gold:   713        SH:  3    Dex: 11    Spells: 9/9 levels left

rFire   + . .      SeeInvis .    a - +0 hand axe
rCold   . . .      Faith    .    y - +0 buckler
rNeg    + . .      Spirit   .    m - +2 chain mail {rF+}
rPois   +          Reflect  .    (helmet restricted)
rElec   .          Harm     .    k - +2 ratskin cloak {*Rats rPois rN+ Str-1 Int-1 Dex+1}
rCorr   .          Rampage  .    J - +0 pair of gloves
Will    .....                    D - +0 pair of boots
Stlth   ..........               (no amulet)
HPRegen 0.33/turn                (no ring)
MPRegen 0.11/turn                (no ring)

@: no status effects
A: horns 2, retaliatory headbutt
a: Renounce Religion, Berserk, Trog's Hand, Brothers in Arms


You were on level 10 of the Dungeon.
You worshipped Trog.
Trog was greatly pleased with you.
You visited 2 branches of the dungeon, and saw 10 of its levels.

You collected 713 gold pieces.

Inventory:

Hand Weapons
 a - a +0 hand axe (weapon)
 t - a +5 war axe
 u - a +4 war axe
 K - a +0 short sword
Missiles
 d - 75 stones (quivered)
 v - 21 poisoned darts
 w - 4 curare-tipped darts
 N - a throwing net
Armour
 k - the +2 ratskin cloak (worn) {*Rats rPois rN+ Str-1 Int-1 Dex+1}
   (You found it on level 2 of the Dungeon)

   When the wearer is hurt, rats may emerge from it to assist them.
   Str:       It affects your strength (-1).
   Int:       It affects your intelligence (-1).
   Dex:       It affects your dexterity (+1).
   rPois:     It protects you from poison.
   rN:        It protects you from negative energy.
 m - a +2 chain mail of fire resistance (worn)
 y - a +0 buckler (worn)
 B - a +0 plate armour
 D - a +0 pair of boots (worn)
 J - a +0 pair of gloves (worn)
Jewellery
 f - an amulet of magic regeneration
 n - a ring of fire
Wands
 j - a wand of flame (27)
 C - a wand of roots (16)
 G - a wand of light (14)
 I - a wand of polymorph (10)
 P - a wand of mindburst (7)
Scrolls
 i - 5 scrolls of teleportation
 p - a scroll of summoning
 q - a scroll of immolation {unknown}
 x - a scroll of poison
 A - a scroll of torment {unknown}
 F - a scroll of enchant armour {unknown}
 H - a scroll of magic mapping {unknown}
 L - a scroll of vulnerability {unknown}
 M - a scroll of blinking {unknown}
 O - a scroll of butterflies {unknown}
Potions
 b - a potion of cancellation
 c - a potion of berserk rage
 e - 6 potions of curing
 g - 2 potions of flight
 h - 4 potions of mutation
 l - a potion of magic
 o - 4 potions of heal wounds
 r - a potion of brilliance {unknown}
 s - 2 potions of invisibility
 z - a potion of ambrosia {unknown}
 E - a potion of resistance {unknown}
 Q - a potion of lignification {unknown}


   Skills:
 - Level 4.1 Fighting
 + Level 19.2 Axes
 - Level 3.1 Armour
 - Level 2.8 Dodging


You had 9 spell levels left.
You didn't know any spells.
Your spell library was empty.

Dungeon Overview and Level Annotations

Branches:
Dungeon (10/15)            Temple (1/1) D:4            Lair (0/5) D:8
    Orc: D:9-12

Altars:
Cheibriados
Dithmenos
Elyvilon
Hepliaklqana
Qazlal
Trog
Vehumet
Xom
Yredelemnul
Zin


Innate Abilities, Weirdness & Mutations

You have a pair of horns on your head.
You reflexively headbutt those who attack you in melee.


Message History

The troll bites you! The troll claws you but does no damage.
The troll barely misses you.
You hit the troll.
The troll is lightly wounded.
You hit the troll but do no damage. You headbutt the troll.
The troll is moderately wounded.
The troll bites you but does no damage. The troll claws you.
The troll claws you!
You slash the troll! Your headbutt misses the troll.
The troll is heavily wounded.
The troll bites you. The troll barely misses you.
The troll claws you but does no damage.
You hit the troll.
The troll is severely wounded.
You hit the troll but do no damage.
You headbutt the troll, but do no damage.
The troll is severely wounded.
The troll bites you but does no damage. The troll claws you but does no damage.
The troll claws you.
You barely miss the troll. Your headbutt misses the troll.
The troll is severely wounded.
The troll bites you! The troll claws you!
A hell rat scurries out from under your cloak.
The troll claws you but does no damage.
You closely miss the troll. Your headbutt misses the troll.
The troll is severely wounded.
You closely miss the troll.
The troll is severely wounded.
The troll bites you but does no damage. The troll claws you but does no damage.
The troll claws you!
* * * LOW HITPOINT WARNING * * *
You hit the troll. Your headbutt misses the troll.
The troll is severely wounded.
The troll bites you!
* * * LOW HITPOINT WARNING * * *
A hell rat scurries out from under your cloak.
The troll claws you.
* * * LOW HITPOINT WARNING * * *
The troll claws you!
You die...

).####..##
).)....... #..
).######## #.# ..#
#.# ..######## #.#
.........##### #.#
.#.........>.# #.#
.#.#####.###.# #T#
.#.#####.###.###@#
..........##...rr#
#####..#......#..##
#..##.#...#...#
#.......#####.#
#...#.#...#...#
#####.<.......#.###
............#...#
######.#.....#.##


You could see a troll (ally target) and 2 friendly hell rats.

Vanquished Creatures
  2 kobold demonologists (D:9)
  Maggie (D:6)
  A troll (D:9)
  A hornet (D:10)
  Sigmund (D:5)
  5 yaks (D:9)
  A wyvern (D:8)
  Eustachio (D:5)
  A steam dragon (D:9)
  Menkaure (D:7)
  3 water moccasins
  3 ice beasts
  2 orc warriors
  2 black bears
  An ogre (D:6)
  5 centaurs
  2 phantoms
  2 kobold brigands
  2 bullfrogs
  3 scorpions
  22 wights
  3 killer bees (D:8)
  2 howler monkeys (D:5)
  2 jellies
  10 orc priests
  3 iguanas
  9 orc wizards
  3 gnolls (D:7)
  4 adders
  A shadow imp (D:5)
  3 white imps
  An ufetubus (D:5)
  3 worms
  5 dart slugs
  44 orcs
  4 bats (D:1)
  2 endoplasms
  A giant cockroach (D:4)
  2 goblins (D:1)
  5 hobgoblins
  3 jackals (D:2)
  A quokka (D:1)
  6 ball pythons
  A frilled lizard (D:2)
  18 kobolds
  4 rats
202 creatures vanquished.

Vanquished Creatures (collateral kills)
  2 kobold brigands
  A wight (D:7)
  An orc priest (D:4)
  An orc (D:4)
  2 kobolds
7 creatures vanquished.

Vanquished Creatures (others)
  An orc (D:9)
1 creature vanquished.

Grand Total: 210 creatures vanquished

Notes
Turn   | Place    | Note
-------+----------+-------------------------------------------
     0 | D:1      | cheesebisquit the Minotaur Berserker began the quest for
                  | the Orb.
     0 | D:1      | Reached XP level 1. HP: 19/19 MP: 0/0
   152 | D:1      | Reached XP level 2. HP: 24/27 MP: 1/1
   493 | D:1      | Reached skill level 4 in Axes
   843 | D:2      | Found the +2 ratskin cloak {*Rats rPois rN+ Str-1 Int-1
                  | Dex+1}
   857 | D:2      | Reached XP level 3. HP: 25/33 MP: 2/2
  1189 | D:2      | Reached ** piety under Trog
  1283 | D:2      | Found a shimmering altar of Xom.
  1327 | D:2      | Found a faded altar of an unknown god.
  1328 | D:2      | You fall into a shaft and drop 2 floors!
  1379 | D:4      | Found a hazy altar of Hepliaklqana.
  1380 | D:4      | Found a stormy altar of Qazlal.
  1420 | D:4      | Found a staircase to the Ecumenical Temple.
  1453 | D:4      | Reached XP level 4. HP: 40/40 MP: 3/3
  1483 | D:4      | Reached skill level 5 in Axes
  1916 | Temple   | Entered the Ecumenical Temple
  1938 | D:5      | Entered Level 5 of the Dungeon
  1979 | D:5      | Noticed a black bear
  1989 | D:5      | Killed a black bear
  1990 | D:5      | Reached skill level 6 in Axes
  1990 | D:5      | Reached XP level 5. HP: 33/46 MP: 4/4
  2118 | D:5      | Found a radiant altar of Vehumet.
  2144 | D:5      | Reached skill level 7 in Axes
  2157 | D:5      | Reached XP level 6. HP: 46/52 MP: 5/5
  2411 | D:5      | Noticed Sigmund
  2422 | D:5      | Killed Sigmund
  2423 | D:5      | Reached skill level 8 in Axes
  2476 | D:5      | Reached skill level 9 in Axes
  2476 | D:5      | Reached XP level 7. HP: 59/59 MP: 6/6
  2485 | D:5      | Reached skill level 10 in Axes
  2700 | D:5      | Reached skill level 11 in Axes
  2704 | D:5      | Noticed Eustachio
  2713 | D:5      | Killed Eustachio
  2714 | D:5      | Reached XP level 8. HP: 66/66 MP: 7/7
  2980 | D:5      | Reached skill level 12 in Axes
  3210 | D:6      | Reached *** piety under Trog
  3211 | D:6      | Reached skill level 13 in Axes
  3523 | D:6      | Reached XP level 9. HP: 71/71 MP: 8/8
  3529 | D:6      | Reached skill level 14 in Axes
  3567 | D:6      | Noticed Maggie
  3579 | D:6      | Killed Maggie
  3698 | D:6      | Found a shadowy altar of Dithmenos.
  3884 | D:6      | Reached skill level 15 in Axes
  4529 | D:7      | Noticed Menkaure
  4536 | D:7      | Killed Menkaure
  4537 | D:7      | Reached skill level 16 in Axes
  5067 | D:7      | Reached **** piety under Trog
  5278 | D:8      | Reached XP level 10. HP: 54/78 MP: 9/9
  5678 | D:8      | Found a staircase to the Lair.
  5902 | D:8      | Reached skill level 17 in Axes
  6687 | D:9      | Reached skill level 18 in Axes
  6914 | D:9      | Found a snail-covered altar of Cheibriados.
  7559 | D:10     | Entered Level 10 of the Dungeon
  7752 | D:10     | Reached skill level 19 in Axes
  8091 | D:10     | HP: 3/78 [troll (5)]
  8091 | D:10     | Slain by a troll

Illustrated notes

Levels and vault maps discovered:
D:1:      dpeg_arrival_castle, layout_loops_ring, serial_bayou_pond_d
D:2:      layout_basic, nicolae_ecumenical_snake_handling, basic_altar
D:4:      layout_loops_ring, mainiacjoe_overflow_divided_tiny,
          minmay_temple_entry_glass
D:5:      cheibrodos_thug_alley, layout_loops_ring,
          mainiacjoe_overflow_brackets, grunt_tough_drop, uniq_sigmund,
          uniq_eustachio
D:6:      layout_gridville, kennysheep_mini_moat, uniq_maggie
D:7:      layout_gridville, uniq_menkaure
D:8:      layout_basic, dpeg_oklobed_lair
D:9:      layout_loops_ring, cheibrodos_worm_habitat
D:10:     layout_loops_ring, special_room [special_room_orc],
          nicolae_specific_store, kennysheep_generic_room_7, uniq_grum
Temple:   nicolae_temple_bog_church

Skill      XL: |  1  2  3  4  5  6  7  8  9 10 |
---------------+-------------------------------+-----
Fighting       | 4 |  4.1
Axes           | 4 6 7 9 11 13 16 19 | 19.2
Armour         | 3 |  3.1
Dodging        | |  2.8

Action                   |  1- 3 |  4- 6 |  7- 9 | 10-12 || total
-------------------------+-------+-------+-------+-------++-------
Melee: Hand axe          |    72 |    46 |   168 |   224 ||   510
       Headbutt          |    10 |     5 |    41 |    44 ||   100
       Punch             |     1 |       |       |       ||     1
       War axe           |       |       |    80 |       ||    80
Invok: Berserk           |     1 |     3 |     9 |     8 ||    21
  Use: Scroll            |     1 |       |     4 |     4 ||     9
       Potion            |       |       |     1 |       ||     1
 Stab: Distracted        |       |       |     1 |       ||     1
Armor: Animal skin       |    12 |       |       |       ||    12
       Chain mail        |    13 |    24 |   103 |   114 ||   254
Dodge: Dodged            |    37 |    13 |    60 |    82 ||   192
Block: Buckler           |       |       |    16 |    20 ||    36

Table legend: (Time is in decaauts)
 A = Elapsed time spent in this place.
 B = Non-inter-level travel time spent in this place.
 C = Inter-level travel time spent in this place.
 D = Time resting spent in this place.
 E = Time spent auto-exploring this place.
 F = Levels seen in this place.
 G = Mean time per level.
                   A        B        C        D        E       F      G
               +--------+--------+--------+--------+--------+-----+--------+
         Total |   8181 |   8046 |    135 |   1442 |   5167 |  10 |  818.1 |
       Dungeon |   8179 |   8044 |    135 |   1442 |   5167 |   9 |  908.8 |
        Temple |      1 |      1 |      0 |      0 |      0 |   1 |    1.0 |
               +--------+--------+--------+--------+--------+-----+--------+

Top non-repeatable levels by time:
     D:9: 1256 daAuts
     D:8: 1207 daAuts
     D:7: 1153 daAuts
     D:5: 1124 daAuts
     D:6: 941 daAuts
     D:1: 739 daAuts
     D:4: 618 daAuts
     D:2: 615 daAuts
    D:10: 524 daAuts
  Temple: 1 daAuts
